 Dungeon Crawl Stone Soup version 0.16.2-12-gd0ad4c3 (webtiles) character file.

124670 faibistes the Eclecticist (level 16, -4/95 HPs)
             Began as a Deep Elf Wizard on Oct 6, 2018.
             Was the Champion of Sif Muna.
             Killed from afar by faibistes' ghost (31 damage)
             ... with a bolt of fire
             ... on level 2 of the Shoals.
             The game lasted 02:45:35 (48843 turns).

faibistes the Eclecticist (Deep Elf Wizard)        Turns: 48843, Time: 02:45:35

Health: -4/95      AC: 12    Str:  4    XL:     16   Next: 39%
Magic:  8/41       EV: 17    Int: 31    God:    Sif Muna [******]
Gold:   1880       SH:  0    Dex: 13    Spells: 11 memorised, 2 levels left

rFire  . . .     SeeInvis .     W - +6 spear (flame)
rCold  . . .     Clarity  +     X - +2 robe {MR+}
rNeg   . . .     SustAb   .     (no shield)
rPois  .         Gourm    .     b - +1 hat
rElec  .         Spirit   .     P - +2 cloak
rCorr  .         Warding  .     (no gloves)
rMut   .         Stasis   .     (no boots)
MR     ++...                    c - amulet of regeneration
Stlth  ++........               w - +4 ring of protection
                                x - ring of wizardry

@: very resistant to hostile enchantments, unstealthy
A: clarity
a: Channel Energy, Forget Spell, Renounce Religion


You were on level 2 of the Shoals.
You worshipped Sif Muna.
Sif Muna was exalted by your worship.
You were hungry.

You visited 6 branches of the dungeon, and saw 31 of its levels.
You also visited: Bailey.

You collected 3022 gold pieces.
You spent 1142 gold pieces at shops.

Inventory:

Hand weapons
 W - a +6 spear of flaming (weapon)
Armour
 b - a +1 hat (worn)
 P - a +2 cloak (worn)
 X - a +2 robe of magic resistance (worn)
Magical staves
 q - an uncursed staff of death
 K - an uncursed staff of wizardry
Jewellery
 c - an amulet of regeneration (around neck)
 j - an uncursed ring of sustain abilities
 p - an uncursed ring of stealth
 r - a +4 ring of dexterity
 v - the ring "Staynetawk" {+Inv rF+ rC+ Str-3 Dex+2}
   (You found it on level 11 of the Dungeon)

   [ring of protection from cold]

   It affects your strength (-3).
   It affects your dexterity (+2).
   It protects you from fire.
   It protects you from cold.
   It lets you turn invisible.
 w - a +4 ring of protection (right hand)
 x - a ring of wizardry (left hand)
 B - an uncursed ring of poison resistance
 Z - an uncursed ring of see invisible
Magical devices
 a - a wand of teleportation (6)
 l - a wand of invisibility (3)
 u - a wand of confusion (30)
 y - a wand of digging (10)
 G - a wand of disintegration (13)
 Q - a wand of disintegration (4)
 R - a wand of fireball (0)
 U - a wand of polymorph (4)
Scrolls
 e - 3 scrolls of fog
 h - 11 scrolls of remove curse
 i - 3 scrolls of teleportation
 n - 3 scrolls of magic mapping
 A - 3 scrolls of blinking
 C - 4 scrolls of summoning
 H - 14 scrolls of identify
 I - 5 scrolls of enchant armour
 V - a scroll of recharging
Potions
 g - 2 potions of haste
 k - a potion of might
 m - 4 potions of restore abilities
 o - 6 potions of brilliance
 s - 12 potions of curing
 z - 3 potions of magic
 D - 2 potions of flight
 F - 4 potions of heal wounds
 J - 4 potions of ambrosia
 M - a potion of invisibility
 N - 4 potions of cancellation
 O - a potion of cure mutation
Miscellaneous
 E - a lamp of fire
 T - a phial of floods
Comestibles
 d - 7 bread rations
 f - 8 meat rations
 t - 3 beef jerkies
 S - 16 royal jellies


   Skills:
 + Level 8.9 Fighting
 - Level 10.0 Dodging
 - Level 2.4 Stealth
 * Level 17.7 Spellcasting
 + Level 10.1 Conjurations
 + Level 10.1 Charms
 - Level 5.2 Summonings
 - Level 7.3 Translocations
   Level 4.1 Transmutations
 * Level 9.9 Fire Magic
 - Level 4.5 Air Magic
 * Level 10.1 Earth Magic
   Level 3.3 Poison Magic
 - Level 10.2 Invocations
 - Level 9.1 Evocations


You had 2 spell levels left.
You knew the following spells:

 Your Spells              Type           Power        Failure   Level  Hunger
a - Magic Dart            Conj           ####         1%          1    None
b - Conjure Flame         Conj/Fire      ######..     1%          3    None
c - Summon Forest         Summ/Tloc      ######....   1%          5    None
d - Blink                 Tloc           N/A          1%          2    None
f - Deflect Missiles      Chrm/Air       ######....   6%          6    #......
h - Haste                 Chrm           ######..     1%          6    #......
i - Iskenderun's Battles  Conj/Chrm      ######..     1%          5    None
j - Iron Shot             Conj/Erth      ######....   1%          6    #......
v - Bolt of Fire          Conj/Fire      ######....   1%          6    #......
x - Force Lance           Conj/Tloc      ######..     1%          4    None
z - Iskenderun's Mystic   Conj           ######..     1%          4    None


Dungeon Overview and Level Annotations

Branches:
Dungeon (13/15)            Temple (1/1) D:5            Lair (8/8) D:10
 Shoals (3/5) Lair:5       Spider (0/5) Lair:5        Slime (0/6) Lair:7
    Orc (4/4) D:12            Elf (2/3) Orc:3
 Vaults: D:13-14

Altars:
Ashenzari
Cheibriados
Dithmenos
Elyvilon
Fedhas
Gozag
Kikubaaqudgha
Makhleb
Nemelex Xobeh
Okawaru
Qazlal
Ru
Sif Muna
Trog
Vehumet
Xom
Yredelemnul
Zin
The Shining One

Shops:
D:7 =   D:10 ?   Orc:4 (![*   Elf:2 }   Shoals:2 [}

Annotations:
D:8 exclusion: 2 oklob saplings
D:11 2 runed doors
Shoals:2 faibistes' ghost, mighty DEWz


Innate Abilities, Weirdness & Mutations

You possess an exceptional clarity of mind.


Message History

Confirm with . or Enter, or press ? or * to list all spells.
You conjure a globe of magical energy.
Use which ability? (? or * to list)
You channel some magical energy.
You feel somewhat more hungry.
Casting: Iskenderun's Battlesphere
Confirm with . or Enter, or press ? or * to list all spells.
Aiming: Force Lance
Press: ? - help, Shift-Dir - straight line, f - faibistes' ghost
Aim: faibistes' ghost The lance of force hits faibistes' ghost.
Faibistes' ghost is lightly damaged.
Faibistes' ghost is knocked back by the lance of force.
Your battlesphere fires!
The barrage of energy hits faibistes' ghost.
Faibistes' ghost is moderately damaged.
Use which ability? (? or * to list)
You channel some magical energy.
You feel somewhat more hungry. Faibistes' ghost casts a spell at you.
The bolt of fire hits you!
You die...

...............≈≈≈
.P..........###.≈≈
........W(..## ≈
.....$...####
.........#
..∩......#
≈.....*..#
≈≈.......#
≈≈......@#
≈........#
.........
...>......
.........≈≈
..≈≈≈≈≈..≈≈
≈≈≈≈≈..≈≈≈≈
≈≈≈≈..≈≈≈ ≈..


You could see faibistes' ghost.

Vanquished Creatures
  A deep elf blademaster (Elf:2)
  Rupert (Elf:2)
  Agnes (Elf:2)
  A deep elf sorcerer (Elf:2)
  2 deep elf demonologists
  A deep elf annihilator (Elf:1)
  Azrael (Elf:2)
  A dire elephant (Lair:8)
  Snorg (Lair:8)
  A merfolk impaler (Shoals:2)
  Josephine (D:11)
  A deep elf high priest (Elf:1)
  Fannar (D:11)
  Harold (D:12)
  8 hydras
  A catoblepas (Lair:7)
  2 ogre magi
  A merfolk avatar (Shoals:1)
  13 dancing weapons
  Urug (D:10)
  17 deep elf knights
  A sun demon (Lair:8)
  5 sea snakes
  10 deep elf summoners (Elf:1)
  5 orc knights (Bailey)
  A lindwurm (Lair:7)
  A wizard (Lair:8)
  A hill giant (D:11)
  2 orc sorcerers
  8 griffons
  15 deep elf conjurers
  2 wolf spiders
  A sixfirhy (Lair:8)
  3 fauns (Shoals:1)
  An elephant (Lair:8)
  A manticore (Lair:5)
  3 sirens (Shoals:1)
  4 black mambas
  3 ugly things
  A centaur zombie (D:12)
  Joseph (D:7)
  A dryad (Lair:7)
  14 spiny frogs
  A torpor snail (Lair:6)
  A smoke demon (Lair:8)
  A queen ant (Lair:1)
  3 orange demons (Lair:8)
  2 fire drakes
  9 komodo dragons
  A red devil (Lair:8)
  4 trolls
  7 merfolk
  15 deep elf priests
  A jumping spider (Elf:1)
  Sonja (D:11)
  3 blue devils (Lair:8)
  7 two-headed ogres
  2 boulder beetles (Lair:8)
  Grinder (D:3)
  4 blink frogs (Lair:5)
  A queen bee (Lair:4)
  A snapping turtle (Shoals:1)
  2 polar bears
  A slime creature (shapeshifter) (Elf:2)
  4 slime creatures (D:12)
  2 basilisks
  A redback (Elf:1)
  32 yaks
  29 deep elf magi
  2 shadows (D:11)
  4 wraiths (D:11)
  4 wandering mushrooms (D:8)
  20 deep elf fighters
  3 water elementals (Shoals:1)
  Eustachio (D:9)
  3 wyverns
  Grum (D:9)
  9 hippogriffs
  3 fire bats (Lair:6)
  A golden eye (shapeshifter) (Elf:1)
  A warg (Orc:3)
  13 wolves
  9 water moccasins
  A mottled dragon (D:10)
  7 soldier ants
  3 fire elementals (Elf:2)
  2 hell hounds
  9 porcupines
  A spider (Lair:5)
  2 black bears
  5 ice beasts
  3 necrophages
  3 phantoms
  14 orc warriors
  16 crocodiles
  29 ogres
  5 sky beasts
  3 wasps
  7 centaurs
  Duvessa (D:7)
  A gnoll sergeant (D:6)
  Blork the orc (D:7)
  9 giant frogs
  A big kobold (D:10)
  A wyvern skeleton (D:11)
  4 scorpions
  31 killer bees
  5 wights (D:6)
  An electric eel (D:10)
  Dowan (D:7)
  13 crimson imps
  2 quasits
  3 goliath beetles (D:6)
  16 hounds
  A wasp zombie (D:4)
  2 giant frog skeletons
  13 orc priests
  2 centaur skeletons
  3 giant frog zombies
  21 orc wizards
  7 iguanas
  3 jellies
  A gnoll shaman (D:6)
  Natasha (thrice) (D:4)
  17 worker ants
  7 hell rats (Lair:7)
  Ijyb (D:4)
  A mummy (D:10)
  4 hound skeletons
  43 gnolls
  18 river rats
  25 adders
  A shadow imp (D:6)
  3 worms
  2 adder zombies
  An adder skeleton (D:7)
  6 oozes
  170 orcs
  6 bats
  A giant cockroach (D:8)
  12 goblins
  25 hobgoblins
  29 jackals
  19 kobolds
  16 quokkas
  8 giant geckos
  A giant gecko skeleton (D:6)
  8 giant newts
  A giant spore (D:7)
  2 gnoll zombies (D:7)
  A goblin zombie (Orc:3)
  4 orc zombies (Orc:3)
  A quokka zombie (D:5)
  9 rats
  6 ballistomycetes (D:10)
  A fungus (Lair:8)
  A snaplasher vine (Orc:3)
1058 creatures vanquished.

Vanquished Creatures (collateral kills)
  3 ogre magi (Orc:4)
  A spiny frog (Lair:5)
  A troll (Orc:3)
  9 two-headed ogres (Orc:4)
  A redback (Lair:5)
  4 fire bats (Lair:6)
  A spider (Lair:5)
  9 ogres
  A giant frog (Lair:7)
  2 killer bees (Lair:4)
  A warg zombie (Orc:3)
  A hound (Lair:7)
  A quasit (D:7)
  3 orc priests
  An orc wizard (Orc:1)
  24 river rats
  35 orcs
  2 goblins
  A jackal (D:2)
  4 orc zombies (Orc:3)
  16 fungi
  8 plants
129 creatures vanquished.

Vanquished Creatures (others)
  2 dryads
  A deep elf fighter (Elf:2)
  2 killer bees
  A crimson imp (D:5)
  3 giant spores (D:10)
  A ballistomycete (D:7)
  20 fungi
  14 plants
  770 snaplasher vine segments
814 creatures vanquished.

Grand Total: 2001 creatures vanquished

Notes
Turn   | Place    | Note
--------------------------------------------------------------
     0 | D:1      | faibistes, the Deep Elf Wizard, began the quest for the Orb.
     0 | D:1      | Reached XP level 1. HP: 10/10 MP: 6/6
   579 | D:2      | Reached XP level 2. HP: 12/15 MP: 8/10
   625 | D:2      | Learned a level 2 spell: Blink
   628 | D:2      | Learned a level 2 spell: Call Imp
   723 | D:3      | Noticed an ogre
  1086 | D:1      | Reached XP level 3. HP: 19/19 MP: 9/13
  1092 | D:1      | Learned a level 3 spell: Conjure Flame
  1096 | D:1      | Learned a level 3 spell: Mephitic Cloud
  1170 | D:3      | Killed an ogre
  1170 | D:3      | Reached skill level 5 in Spellcasting
  1170 | D:3      | Reached XP level 4. HP: 24/24 MP: 8/17
  1385 | D:4      | Noticed Grinder
  1385 | D:4      | Noticed an ogre
  1451 | D:3      | Paralysed by Grinder for 7 turns
  1463 | D:3      | Killed Grinder
  1463 | D:3      | Reached skill level 6 in Spellcasting
  1463 | D:3      | Reached XP level 5. HP: 17/28 MP: 16/21
  1463 | D:3      | Reached XP level 6. HP: 19/32 MP: 16/22
  1494 | D:3      | Learned a level 2 spell: Repel Missiles
  1605 | D:4      | Killed an ogre
  1605 | D:4      | Reached skill level 7 in Spellcasting
  2939 | D:3      | Reached XP level 7. HP: 36/36 MP: 20/25
  3282 | D:5      | Entered Level 5 of the Dungeon
  3298 | D:4      | Noticed an ogre
  3305 | D:4      | Killed an ogre
  3305 | D:4      | Reached skill level 1 in Fighting
  3309 | D:4      | Reached skill level 1 in Evocations
  3392 | D:4      | Noticed Ijyb
  3416 | D:4      | Killed Ijyb
  3479 | D:4      | Reached skill level 8 in Spellcasting
  3507 | D:4      | Noticed Natasha
  3513 | D:4      | Killed Natasha
  3531 | D:4      | Noticed an ogre
  3547 | D:4      | Killed an ogre
  3547 | D:4      | Reached skill level 5 in Dodging
  3916 | D:5      | Reached XP level 8. HP: 28/45 MP: 16/28
  3948 | D:5      | Reached skill level 9 in Spellcasting
  4237 | D:4      | Noticed Natasha
  4246 | D:4      | Killed Natasha
  4664 | D:4      | Noticed Natasha
  4669 | D:4      | Killed Natasha
  4786 | D:6      | Found an ancient bone altar of Kikubaaqudgha.
  5049 | D:5      | Found a staircase to the Ecumenical Temple.
  5055 | Temple   | Entered the Ecumenical Temple
  5793 | D:6      | Reached skill level 10 in Spellcasting
  6233 | D:6      | Reached XP level 9. HP: 52/52 MP: 22/30
  8019 | D:6      | Reached skill level 5 in Fighting
  8093 | D:6      | Reached skill level 11 in Spellcasting
  8613 | D:6      | Reached skill level 5 in Evocations
  8936 | D:7      | Noticed a two-headed ogre
  8964 | D:7      | Noticed Duvessa
  8971 | D:7      | Noticed Dowan
  8977 | D:7      | Killed a two-headed ogre
  8984 | D:7      | Killed Duvessa
  8999 | D:7      | Killed Dowan
  9116 | D:7      | Found a shadowy altar of Dithmenos.
  9187 | D:7      | Found a shimmering altar of Xom.
  9527 | D:7      | Noticed Joseph
  9591 | D:7      | Killed Joseph
  9591 | D:7      | Reached XP level 10. HP: 33/60 MP: 8/32
  9747 | D:7      | Found Strammul's Jewellery Shop.
 10084 | D:7      | Noticed Blork the orc
 10091 | D:7      | Killed Blork the orc
 10176 | D:7      | Reached skill level 12 in Spellcasting
 10234 | D:7      | Found an iron altar of Okawaru.
 10235 | D:7      | Found a stormy altar of Qazlal.
 10476 | D:7      | Found a basalt altar of Yredelemnul.
 10556 | D:9      | Noticed Eustachio
 10570 | D:9      | Killed Eustachio
 11611 | D:8      | Found a blossoming altar of Fedhas.
 12398 | D:10     | Entered Level 10 of the Dungeon
 12503 | D:9      | Found a deep blue altar of Sif Muna.
 12505 | D:9      | Found a shattered altar of Ashenzari.
 12507 | D:9      | Found a snail-covered altar of Cheibriados.
 12513 | D:9      | Became a worshipper of Sif Muna the Loreminder
 12695 | D:9      | Reached skill level 1 in Fire Magic
 12703 | D:9      | Reached skill level 5 in Conjurations
 12703 | D:9      | Reached skill level 1 in Poison Magic
 12716 | D:9      | Reached skill level 1 in Air Magic
 12718 | D:9      | Noticed Grum
 13214 | D:9      | Acquired Sif Muna's first power
 13445 | D:9      | Noticed a wolf spider
 13460 | D:9      | Killed a wolf spider
 13460 | D:9      | Reached skill level 13 in Spellcasting
 13527 | D:9      | Killed Grum
 13900 | D:10     | Learned a level 5 spell: Venom Bolt
 13921 | D:10     | Found Chusm's Magic Scroll Shop.
 13927 | D:10     | Found a sacrificial altar of Ru.
 14020 | D:11     | Noticed a white ugly thing
 14032 | D:11     | Killed a white ugly thing
 14032 | D:11     | Reached XP level 11. HP: 17/64 MP: 19/34
 14444 | D:11     | Noticed Sonja
 14454 | D:11     | Killed Sonja
 14463 | D:11     | Found a flagged portal.
 14477 | Bailey   | Entered a bailey
 14964 | Bailey   | Gained mutation: Your spells are a little harder to cast, but a little more powerful. [potion of beneficial mutation]
 15016 | Bailey   | Acquired Sif Muna's second power
 15016 | Bailey   | Reached skill level 1 in Invocations
 15396 | Bailey   | Reached skill level 1 in Charms
 15914 | Bailey   | Identified a scroll of acquirement
 15915 | Bailey   | Identified the Almanac of Igneous Combat Magic (You acquired it in a bailey)
 17008 | D:10     | Found a staircase to the Lair.
 17897 | D:10     | Noticed Urug
 17909 | D:10     | Killed Urug
 18080 | Lair:1   | Entered Level 1 of the Lair of Beasts
 18120 | Lair:2   | Learned a level 5 spell: Lightning Bolt
 19478 | Lair:1   | Reached XP level 12. HP: 65/72 MP: 21/36
 20433 | D:7      | Bought an uncursed amulet of regeneration for 420 gold pieces
 20766 | Lair:1   | Learned a level 4 spell: Force Lance
 20772 | Lair:1   | Learned a level 5 spell: Summon Forest
 20846 | Lair:2   | Noticed a four-headed hydra
 20862 | Lair:2   | Killed a four-headed hydra
 20862 | Lair:2   | Reached skill level 14 in Spellcasting
 20862 | Lair:2   | Reached skill level 5 in Fire Magic
 20997 | Lair:2   | Acquired Sif Muna's third power
 21808 | Lair:3   | Learned a level 4 spell: Iskenderun's Mystic Blast
 21815 | Lair:3   | Learned a level 5 spell: Bolt of Magma
 22317 | Lair:3   | Reached skill level 5 in Invocations
 22433 | Lair:3   | Reached skill level 1 in Earth Magic
 22818 | Lair:2   | Learned a level 4 spell: Ice Form
 23253 | Lair:4   | Noticed an eight-headed hydra
 23264 | Lair:4   | Killed an eight-headed hydra
 23264 | Lair:4   | Reached skill level 1 in Transmutations
 23727 | Lair:4   | Noticed an eight-headed hydra
 23742 | Lair:4   | Killed an eight-headed hydra
 24049 | Lair:4   | Reached skill level 10 in Dodging
 25112 | Lair:5   | Found a staircase to the Shoals.
 25118 | Lair:5   | Reached skill level 5 in Charms
 25118 | Lair:5   | Reached XP level 13. HP: 62/76 MP: 8/37
 25628 | Lair:5   | Found a hole to the Spider Nest.
 27170 | Lair:6   | Reached skill level 5 in Translocations
 27911 | Lair:6   | Received a gift from Sif Muna
 27913 | Lair:6   | Identified Schuroami's Collected Works on Dusty Creation (Sif Muna gifted it to you on level 6 of the Lair of Beasts)
 29190 | Lair:8   | Entered Level 8 of the Lair of Beasts
 29200 | Lair:8   | Reached skill level 5 in Summonings
 29548 | Lair:8   | Noticed Snorg
 29562 | Lair:8   | Killed Snorg
 29562 | Lair:8   | Reached skill level 15 in Spellcasting
 29756 | Lair:7   | Found a staircase to the Slime Pits.
 30078 | Lair:7   | Reached skill level 5 in Earth Magic
 30426 | Lair:2   | Learned a level 6 spell: Bolt of Fire
 30435 | Lair:2   | Learned a level 6 spell: Deflect Missiles
 31359 | Lair:8   | Reached XP level 14. HP: 83/83 MP: 18/38
 31619 | Lair:8   | Found a burning altar of Makhleb.
 31643 | Lair:8   | Noticed a dire elephant
 31791 | Lair:8   | Killed a dire elephant
 32674 | Lair:8   | Found a gateway to Hell.
 33367 | D:11     | Noticed Josephine
 33367 | D:11     | Noticed a hill giant
 33372 | D:11     | Killed Josephine
 33373 | D:11     | Killed a hill giant
 33672 | D:11     | Found a large runed door.
 33672 | D:11     | Found a large runed door.
 33820 | D:11     | Got a clouded steel ring
 33822 | D:11     | Identified the ring "Staynetawk" {+Inv rF+ rC+ Str-3 Dex+2} (You found it on level 11 of the Dungeon)
 33853 | D:11     | Found a large runed door.
 33853 | D:11     | Found a large runed door.
 33918 | D:11     | Noticed an ogre mage
 33922 | D:11     | Killed an ogre mage
 34792 | D:11     | Noticed a griffon
 34792 | D:11     | Noticed Fannar
 34795 | D:11     | Killed Fannar
 34796 | D:11     | Killed a griffon
 35141 | D:12     | Noticed Harold
 35193 | D:12     | Killed Harold
 35977 | D:13     | Found a blossoming altar of Fedhas.
 36078 | D:12     | Found a staircase to the Orcish Mines.
 36229 | Orc:1    | Entered Level 1 of the Orcish Mines
 36594 | Orc:3    | Found a staircase to the Elven Halls.
 36943 | Orc:4    | Entered Level 4 of the Orcish Mines
 38827 | Orc:3    | Received a gift from Sif Muna
 38828 | Orc:3    | Identified Sif Muna's Grimoire of Destructive Stones (Sif Muna gifted it to you on level 3 of the Orcish Mines)
 38857 | Orc:4    | Found an iron altar of Okawaru.
 39103 | Orc:4    | Found Fuaca's Antique Armour Shop.
 39103 | Orc:4    | Found Ofaiw's Weapon Emporium.
 39119 | Orc:4    | Reached skill level 16 in Spellcasting
 39170 | Orc:4    | Found Afuyrphul's Assorted Antiques.
 39188 | Orc:4    | Found Giogeq's Distillery.
 39420 | Orc:4    | Bought a shimmering robe for 142 gold pieces
 39430 | Orc:4    | Identified the +1 robe "Grocer" {Slay+3} (You bought it in a shop on level 4 of the Orcish Mines)
 39442 | Orc:4    | Bought a scroll of teleportation for 84 gold pieces
 39442 | Orc:4    | Bought a potion of curing for 84 gold pieces
 39442 | Orc:4    | Bought a bone wand for 112 gold pieces
 39442 | Orc:4    | Bought a scroll of teleportation for 84 gold pieces
 39443 | Orc:4    | Bought a potion of curing for 36 gold pieces
 39443 | Orc:4    | Bought a potion of curing for 36 gold pieces
 39443 | Orc:4    | Bought 2 potions of brilliance for 96 gold pieces
 39443 | Orc:4    | Bought a potion of brilliance for 48 gold pieces
 40798 | Lair:2   | Learned a level 6 spell: Haste
 40930 | Elf:1    | Entered Level 1 of the Elven Halls
 41446 | Elf:1    | Reached XP level 15. HP: 88/88 MP: 13/39
 42963 | Elf:1    | Received a gift from Sif Muna
 42964 | Elf:1    | Identified Sif Muna's Catalogue of Protection (Sif Muna gifted it to you on level 1 of the Elven Halls)
 43574 | Lair:2   | Learned a level 5 spell: Iskenderun's Battlesphere
 44090 | Elf:1    | Reached skill level 10 in Invocations
 44495 | Elf:2    | Noticed a deep elf sorcerer
 44499 | Elf:2    | Killed a deep elf sorcerer
 44791 | Elf:2    | Found Strin's Gadget Boutique.
 44835 | Elf:2    | Found a runed gate.
 44836 | Elf:2    | Found a runed gate.
 44837 | Elf:2    | Found a runed gate.
 45777 | Elf:2    | Noticed a deep elf blademaster
 45784 | Elf:2    | Killed a deep elf blademaster
 45784 | Elf:2    | Reached skill level 17 in Spellcasting
 45998 | Elf:2    | Noticed Agnes
 46001 | Elf:2    | Killed Agnes
 46172 | Elf:2    | Received a gift from Sif Muna
 46173 | Elf:2    | Identified Sif Muna's Volume of Cloudy Talismans (Sif Muna gifted it to you on level 2 of the Elven Halls)
 46179 | Elf:2    | Noticed Azrael
 46185 | Elf:2    | Noticed Rupert
 46362 | Elf:2    | Reached XP level 16. HP: 94/94 MP: 18/41
 46662 | Elf:2    | Killed Azrael
 47047 | Elf:2    | Killed Rupert
 47070 | Elf:2    | Lost mutation: Your spells are a little harder to cast, but a little more powerful. [potion of cure mutation]
 47071 | Elf:2    | Gained mutation: You possess an exceptional clarity of mind. [potion of beneficial mutation]
 47357 | Lair:2   | Learned a level 6 spell: Iron Shot
 47459 | Shoals:1 | Entered Level 1 of the Shoals
 47471 | Shoals:1 | Reached skill level 10 in Charms
 47601 | Shoals:2 | Found Quzoryank's Gadget Emporium.
 48028 | Shoals:1 | Reached skill level 10 in Conjurations
 48323 | Shoals:2 | Reached skill level 10 in Earth Magic
 48798 | Shoals:2 | Found Faonin's Armour Shop.
 48832 | Shoals:2 | Noticed faibistes' ghost (mighty DEWz)
 48843 | Shoals:2 | Killed from afar by faibistes' ghost

Action                   |  1- 3 |  4- 6 |  7- 9 | 10-12 | 13-15 | 16-18 || total
-------------------------+-------+-------+-------+-------+-------+-------++-------
Melee: Dagger            |     8 |    16 |   114 |   115 |       |       ||   253
       Spear             |       |       |    58 |    29 |     1 |       ||    88
       Staff             |       |       |       |    17 |     9 |       ||    26
       Short sword       |       |       |       |     7 |       |       ||     7
 Cast: Magic Dart        |    56 |    94 |   566 |   813 |   202 |    32 ||  1763
       Call Imp          |     3 |       |     7 |       |       |       ||    10
       Conjure Flame     |     1 |     3 |    46 |   103 |    65 |       ||   218
       Mephitic Cloud    |     1 |     2 |    55 |    64 |    23 |       ||   145
       Blink             |       |     6 |     7 |    12 |     4 |     2 ||    31
       Repel Missiles    |       |     1 |       |     2 |       |       ||     3
       Venom Bolt        |       |       |       |    45 |       |       ||    45
       Lightning Bolt    |       |       |       |    34 |       |       ||    34
       Bolt of Magma     |       |       |       |    29 |    64 |       ||    93
       Iskenderun's Myst |       |       |       |    12 |   194 |    22 ||   228
       Force Lance       |       |       |       |     9 |   108 |    16 ||   133
       Summon Forest     |       |       |       |     2 |    16 |     1 ||    19
       Bolt of Fire      |       |       |       |       |   219 |    46 ||   265
       Deflect Missiles  |       |       |       |       |     4 |       ||     4
       Iskenderun's Batt |       |       |       |       |     7 |    13 ||    20
       Haste             |       |       |       |       |       |     2 ||     2
Invok: Channel Energy    |       |       |       |    46 |   122 |    24 ||   192
       Forget Spell      |       |       |       |     1 |     2 |       ||     3
Evoke: Wand              |       |       |     3 |     4 |     1 |     5 ||    13
  Use: Potion            |       |     4 |       |     4 |     3 |     3 ||    14
       Scroll            |       |     1 |     8 |    16 |    23 |     6 ||    54
 Stab: Confused          |       |     1 |    16 |     8 |       |       ||    25
       Sleeping          |       |     2 |       |     2 |       |       ||     4
  Eat: Chunk             |     1 |     5 |    20 |    50 |    81 |     6 ||   163
       Fruit             |       |       |       |     3 |     8 |       ||    11
       Meat ration       |       |       |       |     1 |     1 |       ||     2
       Pizza             |       |       |       |       |     3 |     1 ||     4
       Beef jerky        |       |       |       |       |     5 |     1 ||     6
       Royal jelly       |       |       |       |       |     1 |     1 ||     2
